 Dungeon Crawl Stone Soup version 0.20-a0-823-gdec668e (webtiles) character file.

2504 JNO the Covered (level 9, 3/75 HPs)
             Began as a Hill Orc Fighter on Mar 5, 2017.
             Was a Follower of Wu Jian.
             Quit the game on level 7 of the Dungeon.
             The game lasted 00:30:14 (7813 turns).

JNO the Covered (Hill Orc Fighter)                  Turns: 7813, Time: 00:30:15

Health: 3/75       AC: 14    Str: 19    XL:     9   Next: 53%
Magic:  10/13      EV:  3    Int:  8    God:    Wu Jian [*.....]
Gold:   450        SH: 18    Dex: 13    Spells: 8/8 levels left

rFire    + . .     SeeInvis +   F - +3 hand axe
rCold    . . .     Gourm    .   H - +0 plate armour
rNeg     . . .     Faith    +   j - +3 large shield
rPois    .         Spirit   .   (no helmet)
rElec    .         Reflect  .   (no cloak)
rCorr    .         Harm     .   L - +0 pair of gloves
MR       +....                  (no boots)
Stlth    ..........             e - amulet of faith
Regen    0.3/turn               d - ring of protection from magic
MPRegen  0.2/turn               D - ring of protection from fire

@: lethally poisoned (3 -> 0)
A: see invisible, MP-powered wands
a: Renounce Religion


You were on level 7 of the Dungeon.
You worshipped Wu Jian.
Wu Jian was aware of your devotion.
You were not hungry.

You visited 2 branches of the dungeon, and saw 9 of its levels.

You collected 450 gold pieces.

Inventory:

Hand Weapons
 s - a +1 dagger of chaos
 F - a +3 hand axe (weapon)
Missiles
 a - 2 curare-tipped needles
 G - 7 tomahawks of returning (quivered)
Armour
 j - a +3 large shield (worn)
 H - a +0 plate armour (worn)
 L - a +0 pair of gloves (worn)
Jewellery
 d - a ring of protection from magic (right hand)
 e - an amulet of faith (around neck)
 D - a ring of protection from fire (left hand)
 K - an uncursed amulet of the gourmand
Wands
 y - a wand of iceblast (2/15)
 A - a wand of lightning (7/15)
 C - a wand of confusion (29/48)
 E - a wand of paralysis (9/24)
 M - a wand of random effects (32/48)
 N - a wand of random effects (25/48)
Scrolls
 c - 3 scrolls of remove curse
 i - 3 scrolls of enchant weapon
 m - 4 scrolls of blinking
 p - a scroll of fog
 t - a scroll of recharging
 B - 2 scrolls of teleportation
 I - 2 scrolls of random uselessness {unknown}
Potions
 b - 2 potions of brilliance {unknown}
 g - 3 potions of mutation {unknown}
 h - 2 potions of haste {unknown}
 k - 2 potions of berserk rage {unknown}
 n - a potion of magic {unknown}
 q - 3 potions of lignification {unknown}
 r - a potion of agility {unknown}
 u - 2 potions of cancellation {unknown}
 w - 3 potions of degeneration {unknown}
 J - a potion of heal wounds {unknown}
Books
 x - a book of Necromancy

   Spells                             Type                      Level
   a - Pain                           Necromancy                   1
   b - Animate Skeleton               Necromancy                   1
   c - Vampiric Draining              Necromancy                   3
   d - Regeneration                   Charms/Necromancy            3
   e - Animate Dead                   Necromancy                   4
   f - Control Undead                 Necromancy                   4
Comestibles
 f - 10 bread rations
 l - 5 fruits
 o - a meat ration
 v - 3 royal jellies


   Skills:
 - Level 6.1 Fighting
 - Level 6.3 Axes
 + Level 4.5 Throwing
 + Level 6.7 Armour
 - Level 2.4 Dodging
 - Level 5.6 Shields
 + Level 6.0 Evocations


You had 8 spell levels left.
You didn't know any spells.

Dungeon Overview and Level Annotations

Branches:
Dungeon (8/15)             Temple (1/1) D:4
   Lair: D:8-11

Altars:
Ashenzari
Cheibriados
Dithmenos
Fedhas
Gozag
Hepliaklqana
Kikubaaqudgha
Makhleb
Nemelex Xobeh
Okawaru
Qazlal
Ru
Sif Muna
Vehumet
Wu Jian
Yredelemnul

Annotations:
D:7 exclusion: 2 downstairs


Innate Abilities, Weirdness & Mutations

You have supernaturally acute eyesight. (SInv)
You expend magic power (3 MP) to strengthen your wands.


Message History

You spin to attack the hornet, but your attack speed is too slow for a blow to land.
You feel sick. The hornet stings you.
* * * LOW HITPOINT WARNING * * *
You feel as though you will be slow longer.
You block the hornet's attack.
* * * LOW HITPOINT WARNING * * *
You feel sick.
The hornet stings you but does no damage.
Evoke which item? (* to show all) (? for menu, Esc to quit)
Aiming: Paralyse (will waste charges)
Press: ? - help, Shift-Dir - straight line, f - hornet
Aim: a hornet (heavily wounded, chance to defeat MR: 63%)
The hornet resists with significant effort.
Evoking this partially-identified wand wasted a few charges.
You feel yourself speed up.
* * * LOW HITPOINT WARNING * * *
You feel sick.
The hornet stings you but does no damage.
You block the hornet's attack.
Are you sure you want to abandon this character and quit the game? (Confirm with "yes".)

.## #..........#.........# ..#
#..........#.##.....[###
..####..........#.##........##
..................##......#..## #
..#####........#.###########..###
..# #...........# ##..## #[#
#...........# ##.##
#)####...........# #.##
#...##.)........@### #...
###..#...........y>## ##...
##[##.......>.##..# #..##
#..##.......####.# #.##
####.....###.### #.## ##.#
.##......# #.# #..#######..#
....####.###.# ##.........##
##..## #.....# #####......#
.....####.#### ######(####.#


You could see a hornet.

Vanquished Creatures
  The ghost of Mezriss the Shield-Bearer, a novice VSFi (D:6)
  Prince Ribbit (D:8)
  The ghost of Shenda the Gusty, an amateur DrAE (D:3)
  A sky beast (D:7)
  An orc warrior (D:7)
  2 ice beasts
  2 phantoms (D:7)
  2 ogres
  2 centaurs (D:5)
  A big kobold (D:8)
  4 bullfrogs
  A howler monkey (D:7)
  2 crimson imps (D:7)
  A bullfrog zombie (D:5)
  A centaur skeleton (D:5)
  2 hounds
  An orc priest (D:8)
  4 orc wizards
  A worker ant (D:6)
  A killer bee zombie (D:8)
  2 hound skeletons
  3 gnolls (D:2)
  7 adders
  A shadow imp (D:8)
  2 oozes
  An adder zombie (D:8)
  An adder skeleton (D:7)
  4 worms
  2 dart slugs
  4 leopard geckos
  22 orcs
  3 ball pythons
  10 bats
  4 giant cockroaches
  9 goblins
  11 hobgoblins
  11 jackals
  2 quokkas (D:7)
  4 frilled lizards
  10 kobolds
  8 rats
153 creatures vanquished.

Vanquished Creatures (others)
  A human (D:5)
  A goblin (D:3)
2 creatures vanquished.

Grand Total: 155 creatures vanquished

Notes
Turn   | Place    | Note
-------+----------+-------------------------------------------
     0 | D:1      | JNO the Hill Orc Fighter began the quest for the Orb.
     0 | D:1      | Reached XP level 1. HP: 19/19 MP: 1/1
   108 | D:1      | Reached XP level 2. HP: 26/26 MP: 2/2
   420 | D:1      | Reached XP level 3. HP: 31/31 MP: 3/3
  1040 | D:2      | Reached XP level 4. HP: 34/39 MP: 4/4
  1313 | D:2      | Found an ancient bone altar of Kikubaaqudgha.
  1648 | D:2      | Reached skill level 5 in Axes
  1648 | D:2      | Reached XP level 5. HP: 38/45 MP: 5/5
  1755 | D:3      | Noticed Shenda's ghost (amateur DrAE)
  1962 | D:3      | Reached skill level 5 in Shields
  2054 | D:3      | Killed Shenda's ghost
  2054 | D:3      | Reached XP level 6. HP: 7/51 MP: 6/6
  2358 | D:3      | Found a snail-covered altar of Cheibriados.
  2966 | D:4      | Found a staircase to the Ecumenical Temple.
  2975 | Temple   | Entered the Ecumenical Temple
  3046 | Temple   | Became a worshipper of the Wu Jian Council
  3207 | D:4      | Found an iron altar of Okawaru.
  3412 | D:4      | Found a shattered altar of Ashenzari.
  3451 | D:5      | Entered Level 5 of the Dungeon
  3748 | D:5      | Reached skill level 1 in Dodging
  3748 | D:5      | Reached skill level 1 in Evocations
  3855 | D:5      | Noticed a phantom
  3867 | D:5      | Reached XP level 7. HP: 43/60 MP: 6/8
  4154 | D:5      | Found an ancient bone altar of Kikubaaqudgha.
  4154 | D:5      | Noticed a human
  4157 | D:5      | Killed a human
  4439 | D:5      | Reached skill level 5 in Fighting
  4566 | D:6      | Reached * piety under Wu Jian
  4890 | D:6      | Noticed Mezriss's ghost (novice VSFi)
  5464 | D:6      | Killed Mezriss's ghost
  5464 | D:6      | Reached skill level 1 in Throwing
  5464 | D:6      | Reached XP level 8. HP: 27/70 MP: 10/10
  5692 | D:6      | Found a shattered altar of Ashenzari.
  6111 | D:7      | Reached skill level 5 in Armour
  6405 | D:7      | Reached skill level 5 in Evocations
  6405 | D:7      | Reached XP level 9. HP: 67/75 MP: 12/12
  6441 | D:7      | Gained mutation: You have supernaturally acute eyesight. (SInv) [mutagenic meat]
  6590 | D:7      | Gained mutation: You expend magic power (3 MP) to strengthen your wands. [mutagenic meat]
  6595 | D:7      | Found a stormy altar of Qazlal.
  6599 | D:7      | Found a hazy altar of Hepliaklqana.
  6599 | D:7      | Found a radiant altar of Vehumet.
  6761 | D:7      | Found a basalt altar of Yredelemnul.
  6939 | D:8      | Noticed a two-headed ogre
  7256 | D:8      | Noticed Prince Ribbit
  7256 | D:8      | Noticed a hornet
  7688 | D:8      | Killed Prince Ribbit
  7806 | D:7      | Paralysed by a hornet for 1 turns
  7811 | D:7      | HP: 3/75 [poisoned by a hornet]
  7813 | D:7      | Quit the game

Vault maps used:
D:1:      dpeg_arrival_subterranean_lakeside_camping, minmay_crystal_water
D:2:      nicolae_overflow_crystal_walls, tgw_xom
D:3:      old_standard_altar, st_stairs_4
D:4:      kennysheep_little_box, minmay_temple_entry_glassed_door,
          serial_corexii_hall, corexii_hall_statues_x, corexii_hall_statues_t,
          corexii_hall_statues_l, first_bread, lemuel_statue_altar
D:5:      corexii_corridor_pit, minmay_misc_feat_tiny, minmay_holes,
          abandoned_shop, tgw_kikubaaqudgha
D:6:      basic_altar
D:7:      grunt_temple_overflow_open
D:8:      cheibrodos_quashed, good_gods_temple_1, overflow_temple_1_default,
          lair_entry_dummy, serial_shops, shop, hangedman_little_slice_of_home,
          uniq_prince_ribbit1
Temple:   jpeg_temple_island

Skill      XL: |  1  2  3  4  5  6  7  8  9 |
---------------+----------------------------+-----
Axes           | 3 4 5 6 |  6.3
Shields        | 4 5 |  5.6
Fighting       | 4 6 |  6.1
Dodging        | 1 2 |  2.4
Evocations     | 1 3 5 6 |  6.0
Throwing       | 1 3 4 |  4.5
Armour         | 4 5 6 |  6.7

Action                   |  1- 3 |  4- 6 |  7- 9 || total
-------------------------+-------+-------+-------++-------
Melee: War axe           |   146 |   206 |   114 ||   466
       Hand axe          |       |       |   209 ||   209
Throw: Tomahawk          |       |       |     4 ||     4
Evoke: Wand              |       |       |     5 ||     5
  Use: Potion            |       |     1 |     4 ||     5
       Scroll            |       |    11 |     2 ||    13
  Eat: Chunk             |       |     8 |    11 ||    19
       Royal jelly       |       |     1 |       ||     1
       Fruit             |       |       |     2 ||     2
       Meat ration       |       |       |     1 ||     1
Armor: Scale mail        |    75 |    61 |    59 ||   195
       Plate armour      |       |       |    18 ||    18
Dodge: Dodged            |    43 |    33 |    32 ||   108
Block: Shield            |    37 |       |       ||    37
       Large shield      |    93 |   179 |   274 ||   546
